 Dungeon Crawl Stone Soup version 0.26.1-2-gb8aa6d0cf2 (webtiles) character file.

Game seed: 13169548429967335881

772 jlumianski the Chopper (level 7, 0/63 HPs)
             Began as a Palentonga Fighter on Feb 15, 2021.
             Killed from afar by an electric eel (5 damage)
             ... with a bolt of electricity
             ... on level 5 of the Dungeon.
             The game lasted 00:25:11 (5654 turns).

jlumianski the Chopper (Palentonga Fighter)         Turns: 5654, Time: 00:25:14

Health: 0/63       AC: 21    Str: 19 (22) XL:     7   Next: 53%
Magic:  7/7        EV:  4    Int:  6 (8)  God:
Gold:   98         SH: 14    Dex:  8 (9)  Spells: 6/6 levels left

rFire    . . .     SeeInvis +   F - +0 broad axe
rCold    + . .     Faith    .   c - +0 kite shield
rNeg     . . .     Spirit   .   r - +0 chain mail {rC+}
rPois    .         Reflect  +   (no helmet)
rElec    .         Harm     .   O - +1 cloak {rCorr}
rCorr    +         Rampage  .   (no gloves)
Will     .....                  (no barding)
Stlth    ..........             e - amulet of reflection
HPRegen  0.20/turn              w - ring of wizardry
MPRegen  0.10/turn              G - +4 ring of protection

@: curled up
A: large, rugged brown scales 3, see invisible, deformed body, roll 1, armoured
tail, reflexive curl
a: Rolling Charge


You were on level 5 of the Dungeon.
You visited 2 branches of the dungeon, and saw 7 of its levels.

You collected 270 gold pieces.
You spent 172 gold pieces at shops.

Inventory:

Hand Weapons
 a - a +0 war axe
 i - a +0 dagger of venom
 C - a +2 whip of venom
 D - a +0 hand crossbow
 F - a +0 broad axe (weapon)
Missiles
 f - 145 stones
 s - 35 poisoned darts (quivered)
 H - 9 boomerangs
Armour
 b - a +0 scale mail
 c - a +0 kite shield (worn)
 r - a +0 chain mail of cold resistance (worn)
 O - a +1 cloak of preservation (worn)
Jewellery
 e - an amulet of reflection (around neck)
 k - an uncursed amulet of magic regeneration
 l - an uncursed amulet of inaccuracy
 w - a ring of wizardry (left hand)
 G - a +4 ring of protection (right hand)
 I - an uncursed amulet of guardian spirit
 J - an uncursed ring of wizardry
Wands
 M - a wand of acid (5)
 N - a wand of flame (9)
Scrolls
 m - 4 scrolls of teleportation
 q - 2 scrolls of enchant armour {unknown}
 x - a scroll of enchant weapon {unknown}
 y - 2 scrolls of remove curse
 E - a scroll of noise {unknown}
 K - a scroll of immolation {unknown}
Potions
 d - 2 potions of might
 g - a potion of lignification {unknown}
 h - a potion of cancellation {unknown}
 j - 2 potions of degeneration
 n - a potion of resistance {unknown}
 o - a potion of attraction
 p - 2 potions of curing
 t - a potion of brilliance
 u - a potion of invisibility
 v - a potion of ambrosia
 z - a potion of haste {unknown}
 A - 3 potions of heal wounds
 B - a potion of mutation
 L - 2 potions of flight {unknown}


   Skills:
 + Level 4.1 Fighting
 + Level 4.7 Axes
 + Level 0.2 Throwing
 + Level 4.2 Armour
 + Level 1.0 Dodging
 + Level 0.2 Stealth
 + Level 4.5 Shields


You had 6 spell levels left.
You didn't know any spells.
Your spell library was empty.

Dungeon Overview and Level Annotations

Branches:
Dungeon (6/15)             Temple (1/1) D:6

Altars:
Cheibriados
Dithmenos
Elyvilon
Fedhas
Hepliaklqana
Kikubaaqudgha
Nemelex Xobeh
Ru
Sif Muna
Trog
Uskayaw
Vehumet
Wu Jian
Xom
Zin

Shops:
D:4 (**!*   D:5 [


Innate Abilities, Weirdness & Mutations

You are completely covered in rugged brown scales. (AC +3, +7% HP)
You have supernaturally acute eyesight. (SInv)
Armour fits poorly on your strangely shaped body.
You can roll at nearby foes to attack.
You have a long armoured tail.
You curl defensively after being hit.


Message History

The plant begins to die.
You hit the plant but do no damage.
The electric eel shoots out a bolt of lightning at you!
The bolt of electricity hits the electric eel.
The electric eel completely resists.
The bolt of electricity hits you.
The electric eel shoots out a bolt of lightning at you!
The bolt of electricity hits you.
You hit the electric eel.
The electric eel is moderately wounded.
You hit the plant. You slash the plant! You hit the plant.
The plant begins to die.
The electric eel shoots out a bolt of lightning at you!
The bolt of electricity hits the plant!
The bolt of electricity hits you!
* * * LOW HITPOINT WARNING * * *
The electric eel shoots out a bolt of lightning at you!
The bolt of electricity hits the electric eel.
The electric eel completely resists.
The bolt of electricity hits you!
* * * LOW HITPOINT WARNING * * *
The electric eel shoots out a bolt of lightning at you!
The bolt of electricity hits you.
You die...

#.#######.......(......#
#.#
###≈≈≈..###########.####
#.# ##≈####..†##### #.#
#.# #.## +##≈≈...## #.#
#.# ####.# #####..# #.#
##.# #..#.#.....##..○###
#.# ##..<
#.##.#.≈.PP#...°.# #.#
#.### ###.##≈#≈P..$#...°.#
#.####.# #
.....#≈#=..(≈#.P@PP#
#......###
###..#≈#≈≈.≈≈#(P;≈.#
######....
#..#≈##≈;;##?.?≈≈# #..##
###..##.######;;?≈≈# #..#
.....###...≈≈##≈≈≈###
#..## ####.#
######≈#####.#########....
####.#
#.##†...'.........##.##
...#.#
#.#######.....#...##.##
#..♣.### #.#
##.............


You could see 3 electric eels.

Vanquished Creatures
  Sigmund (D:3)
  A phantom (D:4)
  An ogre (D:4)
  A scorpion (D:4)
  A bullfrog skeleton (D:4)
  2 orc wizards
  An iguana (D:5)
  2 worker ants
  5 gnolls
  5 adders
  A shadow imp (D:5)
  An ufetubus (D:6)
  3 worms
  A dart slug (D:1)
  3 leopard geckos
  17 orcs
  A ball python (D:1)
  3 giant cockroaches
  9 goblins
  14 hobgoblins
  7 jackals (D:5)
  2 quokkas
  10 bats
  4 frilled lizards
  A jackal skeleton (D:4)
  7 kobolds
  9 rats
113 creatures vanquished.

Vanquished Creatures (others)
  A kobold (D:3)
1 creature vanquished.

Grand Total: 114 creatures vanquished

Notes
Turn   | Place    | Note
-------+----------+-------------------------------------------
     0 | D:1      | jlumianski the Palentonga Fighter began the quest for the
                  | Orb.
     0 | D:1      | Reached XP level 1. HP: 20/20 MP: 1/1
   139 | D:1      | Reached XP level 2. HP: 27/27 MP: 2/2
   564 | D:2      | Reached XP level 3. HP: 24/33 MP: 3/3
   710 | D:1      | You fall into a shaft and drop 1 floor!
  1694 | D:3      | Reached XP level 4. HP: 40/40 MP: 4/4
  2064 | D:3      | Found a white marble altar of Elyvilon.
  2216 | D:3      | Reached XP level 5. HP: 27/48 MP: 5/5
  2745 | D:3      | Noticed Sigmund
  2755 | D:3      | Killed Sigmund
  2756 | D:3      | Reached XP level 6. HP: 29/55 MP: 6/6
  3099 | D:3      | Found a shadowy altar of Dithmenos.
  3272 | D:4      | Gained mutation: You curl defensively after being hit.
                  | [Palentonga growth]
  3272 | D:4      | Reached XP level 7. HP: 60/62 MP: 7/7
  3540 | D:4      | Found Xigaism's General Store.
  3585 | D:4      | Reached skill level 1 in Dodging
  3595 | D:4      | Found Fuuss's Distillery.
  3600 | D:4      | Found Sefer's General Store.
  3612 | D:4      | Bought a potion of mutation for 80 gold pieces
  3612 | D:4      | Bought a potion of heal wounds for 50 gold pieces
  3620 | D:4      | Bought a scroll of remove curse for 42 gold pieces
  3843 | D:4      | Found Beunkowk's General Store.
  3924 | D:4      | Found Jetre's Weapon Shoppe.
  4508 | D:5      | Entered Level 5 of the Dungeon
  4629 | D:6      | Found a staircase to the Ecumenical Temple.
  4635 | Temple   | Entered the Ecumenical Temple
  5079 | D:5      | Found Wawoecze's Antique Armour Shoppe.
  5237 | D:5      | Found a radiant altar of Vehumet.
  5654 | D:5      | Killed from afar by an electric eel

Illustrated notes

Levels and vault maps discovered:
D:1:      amcnicky_arrival_blooded_trapdoor, layout_loops_ring,
          chequers_serial_rivers_small_3
D:2:      layout_basic, minmay_puff
D:3:      layout_basic, lemuel_crystal_altar, grunt_ministairs_14,
          grunt_dithmenos_smoke_and_mirrors, uniq_sigmund
D:4:      layout_layer_cave, serial_shops, shop, nicolae_shop_waterfront,
          shop_statue, nicolae_shop_stone, shop
D:5:      cheibrodos_two_vegetables, layout_loops_ring, serial_shops,
          nicolae_shop_trees, vehumet_altar_wand_db
D:6:      layout_basic, lemuel_crystal_altar, temple_statues, uniq_edmund
Temple:   zaba_magenta_temple

Skill      XL: |  1  2  3  4  5  6  7 |
---------------+----------------------+-----
Axes           | 3 4 |  4.7
Shields        | 3 4 |  4.5
Armour         | 3 4 |  4.2
Fighting       | 4 |  4.1
Dodging        | 1 |  1.0
Throwing       | |  0.2
Stealth        | |  0.2

Action                   |  1- 3 |  4- 6 |  7- 9 || total
-------------------------+-------+-------+-------++-------
Melee: War axe           |   129 |   147 |    66 ||   342
       Tailslap          |    14 |    11 |     4 ||    29
       Broad axe         |       |       |    11 ||    11
Throw: Dart              |       |     3 |     7 ||    10
 Abil: Rolling Charge    |    23 |    21 |    10 ||    54
  Use: Scroll            |     3 |     1 |     2 ||     6
       Potion            |       |     3 |     3 ||     6
 Stab: Distracted        |       |       |     1 ||     1
Armor: Scale mail        |    52 |    48 |     7 ||   107
       Chain mail        |       |       |    19 ||    19
Dodge: Dodged            |    28 |    17 |     9 ||    54
Block: Kite shield       |    66 |   130 |    59 ||   255
       Reflection        |       |     5 |     4 ||     9
